 Dungeon Crawl Stone Soup version 0.30-a0-883-g5ad918d77d (webtiles) character file.

Game seed: 7973664556037352485

361 Pimp the Stinger (level 6, -2/42 HPs)
             Began as a Demonspawn Wanderer on Mar 16, 2023.
             Slain by a gnoll
             ... wielding a +0 whip
              (5 damage)
             ... on level 4 of the Dungeon.
             The game lasted 00:06:29 (2714 turns).

Pimp the Stinger (Demonspawn Wanderer)              Turns: 2714, Time: 00:06:30

Health: -2/42      AC:  3    Str: 10    XL:     6   Next: 38%
Magic:  18/18      EV: 12    Int: 17    God:
Gold:   211        SH:  4    Dex: 13    Spells: 6/9 levels left

rFire   . . .      SeeInvis .    d - +3 dagger (venom)
rCold   . . .      Faith    .    (no shield)
rNeg    . . .      Spirit   .    e - +0 robe
rPois   .          Reflect  .    (no helmet)
rElec   .          Rampage  .    c - +0 cloak
rCorr   .                        (no gloves)
Will    .....                    (no boots)
Stlth   ++                       (no amulet)
HPRegen 0.27/turn                m - ring of magical power
MPRegen 0.16/turn                (no ring)

@: unable to drink
A: hooves 1, condensation shield, demonic magic 2, frail 1, inability to drink
after injury 1
a: no special abilities


You were on level 4 of the Dungeon.
You visited 1 branch of the dungeon, and saw 4 of its levels.

You collected 211 gold pieces.

Inventory:

Hand Weapons
 a - a +2 dagger
 d - a +3 dagger of venom (weapon)
Armour
 c - a +0 cloak (worn)
 e - a +0 robe (worn)
Jewellery
 m - a ring of magical power (left hand)
Scrolls
 f - a scroll of identify
 l - 2 scrolls of torment
Potions
 b - a potion of might
 g - 3 potions of lignification {unknown}
 h - a potion of degeneration {unknown}
 i - a potion of berserk rage {unknown}
 j - a potion of heal wounds {unknown}
 k - a potion of resistance {unknown}


   Skills:
 + Level 3.0 Fighting
 + Level 2.0 Short Blades
 + Level 2.3 Armour
 + Level 2.7 Dodging
 + Level 3.0 Stealth
 + Level 2.2 Spellcasting
 + Level 3.1 Poison Magic


You had 6 spell levels left.
You knew the following spells:

 Your Spells              Type           Power      Damage    Failure   Level
a - Spider Form           Tmut/Pois      7%         N/A       30%         3

Your spell library contained the following spells:

 Spells                   Type           Power      Damage    Failure   Level
 Poisonous Vapours        Pois/Air       14%        N/A       16%         2
 Beastly Appendage        Tmut           2%         N/A       19%         1
 Cigotuvi's Dreadful Rot  Necr/Pois/Air  10%        N/A       19%         2
 Wereblood                Tmut           1%         N/A       28%         2
 Kindle Blastsparks       Fire/Tloc/Air  2%         2d10      50%         3
 Dispel Undead            Necr           1%         3d6       88%         4
 Fulminant Prism          Conj/Hex       0%         3d5       88%         4
 Iskenderun's Mystic Bla  Conj/Tloc      1%         2d3       88%         4
 Lee's Rapid Deconstruct  Erth           0%         3d4*      99%         5
 Death Channel            Necr           0%         N/A       100%        6


Dungeon Overview and Level Annotations

Branches:
Dungeon (4/15)
 Temple: D:4-7

Altars:

Shops:
D:2 (

Annotations:
D:3 3 runed translucent doors, oldplebian's ghost, amateur HOCA


Innate Abilities, Weirdness & Mutations

You have large cloven feet.
A meltable shield of frost defends you. (SH +4)
Spells you cast may paralyse nearby enemies.
You are frail. (-10% HP)
You occasionally lose the ability to drink potions when taking damage.


Message History

What are your orders? t - Shout!
Orders for allies: a - Attack new target. r - Retreat! s - Stop attacking. g - Guard the area. f - Follow me.
Anything else - Cancel.
Retreat in which direction?
Press: ? - help, Dir - move target, f - you
Okay, then.
As you read the scroll of teleportation, it crumbles to dust.
You feel strangely unstable. The orc closely misses you.
The orc priest mumbles some strange prayers to Beogh against you.
Beogh smites you!
You feel threatened and lose the ability to drink potions!
The orc hits you with a +0 mace.
* * * LOW HITPOINT WARNING * * *
The orc hits you with a +0 flail.
* * * LOW HITPOINT WARNING * * *
You cannot drink potions in your current state!
You hit the orc.
You kill the orc!
The orc hits you with a +0 dagger.
* * * LOW HITPOINT WARNING * * *
The orc closely misses you. x2
As you read the scroll labelled RYIXKU VICVY, it crumbles to dust.
You assume a fearsome visage.
The orc priest looks frightened!
The orc looks frightened!
The giant cockroach looks frightened!
The orc looks frightened! x3; It was a scroll of fear.
The giant cockroach waves its antennae.
Your surroundings suddenly seem different. 3 gnolls come into view.
The gnoll shouts! x2
You hit the gnoll. You kick the gnoll.
The gnoll is heavily wounded.
The gnoll hits you with a +0 flail!
* * * LOW HITPOINT WARNING * * *
You puncture the gnoll!
You kill the gnoll!
You block the gnoll's attack. The gnoll hits you with a +0 whip.
You die...

##########
#.........
#.........
#.........
#.@g......
#.)g......
........
#.........
........
#.........
........
#.........
......[.
#.........
......
#.........
....
#####..###
#.. #. #..


You could see 2 gnolls.

Vanquished Creatures
  An ogre (D:3)
  2 hounds (D:4)
  An orc wizard (D:4)
  A gnoll (D:4)
  4 adders
  5 dart slugs
  5 orcs (D:4)
  4 ball pythons
  5 endoplasms
  7 goblins
  8 hobgoblins
  3 jackals (D:3)
  12 kobolds
  A quokka (D:3)
  6 bats
  4 frilled lizards (D:1)
  8 rats
77 creatures vanquished.

Vanquished Creatures (collateral kills)
  A goblin (D:1)
1 creature vanquished.

Grand Total: 78 creatures vanquished

Notes
Turn   | Place    | Note
-------+----------+-------------------------------------------
     0 | D:1      | Pimp the Demonspawn Wanderer began the quest for the Orb.
     0 | D:1      | Pimp set off with the following items: a +2 dagger, a
                  | potion of might, a +0 cloak, a scroll of summoning, a +0
                  | robe; and the following spells available to memorise:
                  | Poisonous Vapours, Cigotuvi's Dreadful Rot.
     0 | D:1      | Reached XP level 1. HP: 16/16 MP: 2/2
   235 | D:1      | Gained mutation: You have large cloven feet. [demonic
                  | ancestry]
   235 | D:1      | Reached XP level 2. HP: 22/22 MP: 3/3
   279 | D:1      | Found a faded altar of an unknown god.
   548 | D:1      | Gained mutation: Spells you cast may paralyse adjacent
                  | enemies. [demonic ancestry]
   548 | D:1      | Reached XP level 3. HP: 25/27 MP: 4/4
  1032 | D:2      | Found Laux's Antique Weapon Boutique.
  1165 | D:2      | Learned a level 3 spell: Spider Form
  1581 | D:2      | Gained mutation: Spells you cast may paralyse nearby
                  | enemies. [demonic ancestry]
  1581 | D:2      | Reached XP level 4. HP: 33/34 MP: 6/6
  1682 | D:3      | Noticed oldplebian's ghost (amateur HOCA)
  1716 | D:3      | Gained mutation: You are weak. (Str -2) [potion of
                  | mutation]
  1716 | D:3      | Gained mutation: You are frail. (-10% HP) [potion of
                  | mutation]
  1716 | D:3      | Gained mutation: You occasionally lose the ability to drink
                  | potions when taking damage. [potion of mutation]
  1717 | D:3      | Lost mutation: You are frail. (-10% HP) [potion of
                  | mutation]
  1717 | D:3      | Lost mutation: You are weak. (Str -2) [potion of mutation]
  1717 | D:3      | Gained mutation: You are frail. (-10% HP) [potion of
                  | mutation]
  1729 | D:3      | Noticed a scorpion
  1736 | D:3      | Banished a scorpion
  1737 | D:3      | Reached skill level 1 in Short Blades
  1780 | D:3      | Found a runed translucent gate.
  1780 | D:3      | Found a runed translucent gate.
  1781 | D:3      | Found a runed translucent gate.
  1781 | D:3      | Noticed a sky beast
  1786 | D:3      | Gained mutation: A meltable shield of frost defends you.
                  | (SH +4) [demonic ancestry]
  1786 | D:3      | Reached XP level 5. HP: 33/35 MP: 7/7
  2110 | D:3      | Noticed an ogre
  2127 | D:3      | Killed an ogre
  2452 | D:4      | Reached XP level 6. HP: 37/41 MP: 6/9
  2714 | D:4      | Slain by a gnoll

Illustrated notes

Levels and vault maps discovered:
D:1:      dpeg_arrival_simpleton_a, layout_loops_ring,
          shapermc_ecumenical_altar_pompeii
D:2:      layout_basic, serial_shops, nicolae_diamond_shop, chequers_avenue
D:3:      layout_basic, gammafunk_ghost_split
D:4:      layout_rooms

Skill      XL: |  1  2  3  4  5  6 |
---------------+-------------------+-----
Stealth        | 2 3 |  3.0
Dodging        | 2 |  2.7
Short Blades   | 1 2 |  2.0
Armour         | 2 |  2.3
Spellcasting   | 2 |  2.2
Poison Magic   | 3 |  3.1
Fighting       | 3 |  3.0

Action                     |  1- 3 |  4- 6 || total
---------------------------+-------+-------++-------
  Melee: Dagger            |    94 |    74 ||   168
         Kick              |    13 |    21 ||    34
         Unarmed           |       |    25 ||    25
   Cast: Spider Form       |       |     2 ||     2
    Use: Scroll            |     3 |     9 ||    12
         Potion            |       |     2 ||     2
   Stab: Sleeping          |     6 |     3 ||     9
 Armour: Robe              |    19 |    14 ||    33
  Dodge: Dodged            |    45 |    72 ||   117
  Block: Other             |       |    16 ||    16

Table legend: (Time is in decaauts)
 A = Elapsed time spent in this place.
 B = Non-inter-level travel time spent in this place.
 C = Inter-level travel time spent in this place.
 D = Time resting spent in this place.
 E = Time spent auto-exploring this place.
 F = Levels seen in this place.
 G = Mean time per level.
                   A        B        C        D        E       F      G
               +--------+--------+--------+--------+--------+-----+--------+
         Total |   2704 |   2679 |     25 |    327 |   1750 |   4 |  676.0 |
       Dungeon |   2704 |   2679 |     25 |    327 |   1750 |   4 |  676.0 |
               +--------+--------+--------+--------+--------+-----+--------+

Top non-repeatable levels by time:
     D:1: 963 daAuts
     D:3: 769 daAuts
     D:2: 701 daAuts
     D:4: 269 daAuts
